 Dungeon Crawl Stone Soup version 0.29-a0-197-ge3fb4bd5a4 (webtiles) character file.

Game seed: 15117910875293508558

10689 Hasart the Covert (level 11, -2/55 (61) HPs)
             Began as a Vampire Enchanter on Feb 23, 2022.
             Was an Elder of Hepliaklqana.
             Slain by an orc knight
             ... wielding a +0 long sword
              (15 damage)
             ... on level 1 of the Orcish Mines.
             The game lasted 00:32:41 (10138 turns).

Hasart the Covert (Vampire Enchanter)              Turns: 10138, Time: 00:32:42

HP:   -2/55 (61)    AC:  9    Str:  9    XL:     11   Next: 39%
MP:   14/15         EV: 16    Int: 21    God:    Hepliaklqana [****..]
Gold: 581           SH:  0    Dex: 20    Spells: 5/16 levels left

rFire   + . .      SeeInvis +   e - +9 quick blade
rCold   . . .      Faith    .   (no shield)
rNeg    . . .      Spirit   .   y - +1 leather armour "Barhot" {Regen+ Str-2 Dex+4 Stlth+}
rPois   .          Reflect  .   o - +1 helmet
rElec   .          Harm     .   c - scarf {+Inv}
rCorr   .          Rampage  .   D - +2 pair of gloves "Poirph" {rF+ Str+4}
Will    +....                   (no boots)
Stlth   ++++++....              (no amulet)
HPRegen 1.18/turn               g - +4 ring of slaying
MPRegen 0.14/turn               (no ring)

@: very slightly contaminated, healing quickly, drained, invisible
A: reduced essence, alive, fangs 3, see invisible, vampiric 2
a: Exsanguinate, Renounce Religion, Evoke Invisibility, Recall Ancestor,
Ancestor Identity, Transference, Idealise


You were on level 1 of the Orcish Mines.
You worshipped Hepliaklqana.
Hepliaklqana was greatly pleased with you.
You visited 4 branches of the dungeon, and saw 14 of its levels.

You collected 581 gold pieces.

Inventory:

Hand Weapons
 e - a +9 quick blade (weapon)
 J - a +3 short sword of electrocution
Missiles
 n - 2 throwing nets (quivered)
Armour
 b - a +0 robe
 c - a scarf of invisibility (worn)
 k - the +1 leather armour of Precision Catastrophes {+Inv rElec Dex+5}
   (You found it on level 9 of the Dungeon)

   Dex:       It affects your dexterity (+5).
   rElec:     It insulates you from electricity.
   +Inv:      It lets you turn invisible.
 o - a +1 helmet (worn)
 v - a +0 buckler
 x - the +3 leather armour "Etseroyq" {*Slow rPois Int+3 Dex+5}
   (You found it on level 3 of the Dungeon)

   Int:       It affects your intelligence (+3).
   Dex:       It affects your dexterity (+5).
   rPois:     It protects you from poison.
   *Slow:     It may slow you when you take damage.
 y - the +1 leather armour "Barhot" (worn) {Regen+ Str-2 Dex+4 Stlth+}
   (You found it on level 4 of the Dungeon)

   Str:       It affects your strength (-2).
   Dex:       It affects your dexterity (+4).
   Regen:     It increases your rate of health regeneration.
   Stlth:     It makes you more stealthy.
 D - the +2 pair of gloves "Poirph" (worn) {rF+ Str+4}
   (You found it on level 5 of the Dungeon)

   Str:       It affects your strength (+4).
   rF:        It protects you from fire.
Jewellery
 g - a +4 ring of slaying (left hand)
 G - a ring of flight
 I - a ring of willpower
 O - a ring of ice
Wands
 j - a wand of iceblast (3)
 w - a wand of acid (7)
 K - a wand of paralysis (7)
Scrolls
 a - 2 scrolls of amnesia
 f - 2 scrolls of identify
 l - a scroll of enchant armour
 m - 3 scrolls of fear
 p - 3 scrolls of noise
 s - 4 scrolls of teleportation
 t - 4 scrolls of enchant weapon
 B - a scroll of fog
 F - a scroll of magic mapping
Potions
 d - 2 potions of curing
 h - 3 potions of lignification
 i - 3 potions of might
 q - 2 potions of haste
 r - a potion of mutation {unknown}
 u - a potion of degeneration {unknown}
 z - 2 potions of attraction {unknown}
 A - 2 potions of brilliance
 C - 3 potions of heal wounds
 E - a potion of experience {unknown}
 H - a potion of invisibility
 N - a potion of ambrosia {unknown}


   Skills:
 + Level 10.6 Short Blades
 + Level 7.7 Dodging
 + Level 11.2 Stealth
 + Level 0.0 Shields
 - Level 3.0 Spellcasting
 + Level 2.5 Conjurations
 + Level 8.0 Hexes
 - Level 5.0 Ice Magic
 + Level 0.0 Invocations
 * Level 8.0 Evocations


You had 5 spell levels left.
You knew the following spells:

 Your Spells              Type           Power      Damage    Failure   Level
a - Ensorcelled Hibernat  Hex/Ice        60%        N/A       1%          2
b - Confusing Touch       Hex            36%        N/A       1%          3
c - Tukima's Dance        Hex            36%        N/A       1%          3
d - Dazzling Flash        Conj/Hex       50%        N/A       6%          3

Your spell library contained the following spells:

 Spells                   Type           Power      Damage    Failure   Level
 Magic Dart               Conj           56%        1d5       6%          1
 Pain                     Necr           12%        1d4       19%         1
 Call Imp                 Summ           3%         N/A       28%         2
 Passwall                 Tmut/Erth      2%         N/A       28%         2
 Scorch                   Fire           6%         2d5       28%         2
 Mephitic Cloud           Conj/Pois/Air  6%         N/A       36%         3
 Gell's Gravitas          Tloc           3%         N/A       50%         3
 Swiftness                Air            3%         N/A       50%         3
 Teleport Other           Tloc           3%         N/A       50%         3
 Flame Wave               Conj/Fire      8%         2d5       73%         4
 Agony                    Necr           3%         N/A       99%         5
 Excruciating Wounds      Necr           1%         N/A       99%         5
 Dispersal                Tloc           1%         N/A       100%        6
 Summon Cactus Giant      Summ           1%         N/A       100%        6


Dungeon Overview and Level Annotations

Branches:
Dungeon (10/15)            Temple (1/1) D:4            Lair (2/6) D:8
    Orc (1/2) D:9
  Swamp: Lair:2-4    Shoals: Lair:2-4     Snake: Lair:2-4    Spider: Lair:2-4

Altars:
Cheibriados
Fedhas
Hepliaklqana
Makhleb
Nemelex Xobeh
Qazlal
Sif Muna
Uskayaw
Wu Jian
Zin
The Shining One

Annotations:
D:4 3 runed translucent doors, Ge0ff's ghost, amateur SpHu
D:5 1 runed translucent door, kae's ghost, novice DrTm
D:6 2 runed translucent doors
D:10 Maggie; Nergalle
Lair:2 Amaemon


Innate Abilities, Weirdness & Mutations

Your life essence is reduced to manifest your ancestor. (-10% HP)
Your natural rate of healing is accelerated.
You have razor-sharp teeth.
You have supernaturally acute eyesight. (SInv)
You are afflicted with vampirism and can become a bat while bloodless.


Message History

There is a staircase to the Orcish Mines, spattered with blood here.
You start resting.
Bozena emerges from the mists of memory!
You start resting.
Magic restored.
Okay, then.
You feel drained.
You fade into invisibility!
You are very lightly contaminated with residual magic.
You climb downwards.
Welcome back to the Orcish Mines!
An orc knight comes into view. It is wielding a +0 great sword.
An ogre comes into view. It is wielding a +0 giant club.
There is a staircase back to the Dungeon, spattered with blood here.
An orc comes into view. It is wielding a +0 short sword.
An orc knight comes into view. It is wielding a +2 vorpal war axe.
The orc knight shouts!
The ogre shouts!
The orc shouts!
You hit the orc knight.
The orc knight is lightly wounded.
You hear a shout!
You hear a howl!
You hear a shout!
An orc priest comes into view. It is wielding a +0 dagger.
An orc comes into view. It is wielding a +0 short sword.
You closely miss the orc knight.
The orc knight is lightly wounded.
The orc knight shouts!
You puncture the orc knight!
The orc knight is moderately wounded.
You hear a shout! x4
Bozena points at the orc knight and mumbles some strange words.
The orc knight easily resists.
The orc knight hits you with a +0 long sword!!
The orc knight hits Bozena with a +0 battleaxe!!
Bozena points at the orc knight and mumbles some strange words.
The orc knight seems to slow down.
There is a staircase back to the Dungeon, spattered with blood here.
The orc knight hits you with a +0 long sword!!
* * * LOW HITPOINT WARNING * * *
Bozena hits the orc knight with a +0 dagger of draining.
The orc knight hits Bozena with a +0 battleaxe!
The orc knight hits you with a +0 long sword!
You die...

##.............#
.#.#.............
#..o.......#.....
#≈§§≈.....$..)...
#≈§≈≈.........#..
#≈.≈§..#.......#
#.≈≈≈..#o).....##
#.o@>......
..o.....R.$......
oo.oo##o.....#...
.### ............
≈....#..##...
§≈≈...###.# .#
§≈§...# .. .
≈≈≈..#. ..#


You could see the friendly Bozena the hexer and 6 orc knights.

Vanquished Creatures
  An ettin (D:9)
  A hydra (Lair:1)
  A two-headed ogre (D:8)
  An orc knight (D:9)
  2 cane toads
  A polar bear (Lair:1)
  A troll (D:8)
  Sigmund (D:2)
  12 yaks
  A basilisk (Lair:1)
  A steam dragon (D:9)
  A warg (D:9)
  8 water moccasins
  Edmund (D:4)
  An acid dragon (D:9)
  2 orc warriors
  A black bear (Lair:2)
  An ice beast (D:5)
  3 sky beasts
  A necrophage (D:7)
  3 centaurs
  3 ogres
  5 wolves
  3 phantoms
  A kobold brigand (D:7)
  A bullfrog (D:6)
  A wyvern zombie (D:9)
  2 scorpions
  10 wights
  A howler monkey (D:5)
  A bullfrog zombie (D:5)
  2 centaur zombies
  2 hounds
  3 jellies
  A gnoll shaman (D:8)
  9 orc priests
  A bullfrog skeleton (D:7)
  Jessica (D:3)
  Ijyb (D:3)
  9 orc wizards
  An iguana (D:5)
  A hound zombie (D:5)
  Robin (D:3)
  An ancestor (D:6)
  13 gnolls
  3 adders
  A shadow imp (D:8)
  2 adder skeletons (D:4)
  2 worms
  3 dart slugs
  35 orcs
  6 ball pythons
  6 bats
  14 endoplasms
  6 giant cockroaches
  10 goblins
  12 hobgoblins
  5 quokkas
  4 frilled lizards
  15 kobolds
  9 rats
252 creatures vanquished.

Vanquished Creatures (collateral kills)
  A gnoll sergeant (D:8)
  2 wights
  A howler monkey (D:7)
  An orc wizard (D:8)
  A killer bee zombie (D:8)
  3 gnolls (D:8)
  5 orcs
  A kobold (D:7)
15 creatures vanquished.

Vanquished Creatures (others)
  2 dancing weapons
  6 hexers
  An ancestor (D:6)
  A fungus (Lair:1)
10 creatures vanquished.

Grand Total: 277 creatures vanquished

Notes
Turn   | Place    | Note
-------+----------+-------------------------------------------
     0 | D:1      | Hasart the Vampire Enchanter began the quest for the Orb.
     0 | D:1      | Reached XP level 1. HP: 13/13 MP: 3/3
   158 | D:1      | Reached XP level 2. HP: 14/19 MP: 5/5
   208 | D:1      | Found Geeppes's Armour Shoppe.
   253 | D:1      | Learned a level 2 spell: Ensorcelled Hibernation
   455 | D:1      | Found a faded altar of an unknown god.
   580 | D:1      | Gained mutation: You are afflicted with vampirism and can
                  | become a bat while bloodless. [Vampire growth]
   580 | D:1      | Reached XP level 3. HP: 22/24 MP: 6/6
  1405 | D:2      | Reached XP level 4. HP: 7/30 MP: 1/7
  1574 | D:2      | Reached skill level 5 in Stealth
  1625 | D:2      | Learned a level 3 spell: Confusing Touch
  1629 | D:2      | Learned a level 3 spell: Tukima's Dance
  1696 | D:2      | Noticed Sigmund
  1735 | D:3      | Noticed a scorpion
  1736 | D:3      | Reached skill level 1 in Ice Magic
  1744 | D:3      | Reached skill level 5 in Hexes
  2028 | D:2      | Killed Sigmund
  2029 | D:2      | Reached XP level 5. HP: 31/35 MP: 4/9
  2029 | D:2      | Reached XP level 6. HP: 37/41 MP: 4/10
  2788 | D:3      | Noticed Ijyb
  2797 | D:3      | Killed Ijyb
  2838 | D:3      | Found a burning altar of Makhleb.
  2938 | D:3      | Noticed Jessica
  2939 | D:3      | Identified the +3 leather armour "Etseroyq" {*Slow rPois
                  | Int+3 Dex+5}
  2941 | D:3      | Killed Jessica
  2942 | D:3      | Reached skill level 6 in Stealth
  2970 | D:3      | Noticed Robin
  3005 | D:3      | Killed Robin
  3285 | D:4      | Noticed Edmund
  3296 | D:4      | Killed Edmund
  3297 | D:4      | Reached skill level 1 in Evocations
  3297 | D:4      | Reached XP level 7. HP: 34/46 MP: 5/11
  3347 | D:4      | Found a runed translucent gate.
  3347 | D:4      | Found a runed translucent gate.
  3347 | D:4      | Found a runed translucent gate.
  3348 | D:4      | Noticed Ge0ff's ghost (amateur SpHu)
  3477 | D:4      | Identified the +1 leather armour "Barhot" {Regen+ Str-2
                  | Dex+4 Stlth+}
  3529 | D:4      | Found a staircase to the Ecumenical Temple.
  3653 | Temple   | Entered the Ecumenical Temple
  3681 | Temple   | Became a worshipper of Hepliaklqana the Forgotten
  3812 | D:4      | Found a snail-covered altar of Cheibriados.
  3965 | D:5      | Entered Level 5 of the Dungeon
  3965 | D:5      | Noticed kae's ghost (novice DrTm)
  3965 | D:5      | Found a runed translucent door.
  4131 | D:5      | Reached skill level 5 in Short Blades
  4284 | D:5      | Reached XP level 8. HP: 46/52 MP: 8/12
  4437 | D:5      | Reached * piety under Hepliaklqana
  4449 | D:5      | Reached skill level 7 in Stealth
  4512 | D:5      | Identified the +2 pair of gloves "Poirph" {rF+ Str+4}
  5043 | D:6      | Reached skill level 5 in Dodging
  5223 | D:6      | Reached skill level 8 in Stealth
  5223 | D:6      | Found a large runed translucent door.
  5298 | D:6      | Found a large runed translucent door.
  5565 | D:6      | Reached XP level 9. HP: 39/51 MP: 6/13
  5871 | D:7      | Reached ** piety under Hepliaklqana
  5872 | D:7      | Remembered your ancestor Bozena as a hexer
  6141 | D:7      | Reached skill level 5 in Evocations
  6540 | D:8      | Reached skill level 9 in Stealth
  6647 | D:8      | Reached skill level 5 in Ice Magic
  6860 | D:8      | Found a staircase to the Lair.
  6931 | D:8      | Noticed a two-headed ogre
  7385 | D:8      | Killed a two-headed ogre
  7386 | D:8      | Reached XP level 10. HP: 53/56 MP: 2/14
  7549 | D:8      | Identified a scroll of acquirement
  7549 | D:8      | Acquired a +9 quick blade
  7623 | D:8      | Learned a level 3 spell: Dazzling Flash
  7664 | Lair:1   | Entered Level 1 of the Lair of Beasts
  7677 | Lair:1   | Noticed a five-headed hydra
  7692 | Lair:1   | Killed a five-headed hydra
  7693 | Lair:1   | Reached skill level 10 in Stealth
  7751 | Lair:1   | Reached skill level 1 in Conjurations
  7751 | Lair:1   | Noticed a cane toad
  7767 | Lair:1   | Killed a cane toad
  7878 | Lair:1   | Reached *** piety under Hepliaklqana
  8018 | Lair:1   | Found a hazy altar of Hepliaklqana.
  8283 | Lair:1   | Reached skill level 10 in Short Blades
  8292 | Lair:1   | Reached XP level 11. HP: 39/61 MP: 15/15
  8770 | Lair:2   | Noticed Amaemon
  8917 | D:9      | Found a staircase to the Orcish Mines.
  8960 | D:9      | Identified the +1 leather armour of Precision Catastrophes
                  | {+Inv rElec Dex+5}
  9203 | D:9      | Reached skill level 11 in Stealth
  9360 | D:9      | Reached **** piety under Hepliaklqana
  9571 | D:10     | Entered Level 10 of the Dungeon
  9620 | D:10     | Noticed Nergalle
  9623 | D:10     | Noticed Maggie
  9907 | Orc:1    | Entered Level 1 of the Orcish Mines
  9907 | Orc:1    | Noticed an orc knight
  9907 | Orc:1    | Noticed an orc knight
  9907 | Orc:1    | Noticed an ettin
 10004 | D:9      | Killed an ettin
 10015 | Orc:1    | Noticed an orc knight
 10017 | Orc:1    | Noticed an orc high priest
 10017 | Orc:1    | Noticed an orc knight
 10065 | D:9      | Killed an orc knight
 10130 | Orc:1    | Noticed an orc knight
 10131 | Orc:1    | Noticed an orc knight
 10138 | Orc:1    | Noticed an orc knight
 10138 | Orc:1    | Slain by an orc knight

Illustrated notes

Levels and vault maps discovered:
D:1:      evilmike_arrival_rings, layout_basic, serial_shops,
          nicolae_square_shop, hellmonk_ecumenical_altar_prayer_group,
          corexii_item_surrounded_by_moat, nrook_loot_triangle,
          minmay_misc_feat_tiny, minmay_misc_feat_square, grunt_decor_junction
D:2:      layout_basic, minmay_tall_x, uniq_sigmund
D:3:      layout_rooms, lightli_temple_of_fire, dk_noncrumbling_2, uniq_robin,
          uniq_jessica, uniq_ijyb
D:4:      minmay_diamond_boxcup, layout_rooms, chei_slow_surprise,
          minmay_temple_entry_wispy, ebering_ghost_rock_garden, uniq_edmund
D:5:      layout_loops_cross, hellmonk_ghost_happy_afterlife
D:6:      layout_loops_ring, jmf_multi_god_temple2, kennysheep_doodads
D:7:      layout_basic
D:8:      layout_gridville, lair_entry_dummy, grunt_ministairs_11
D:9:      layout_basic, erik_orc_4
D:10:     layout_basic, uniq_erica, uniq_nergalle, uniq_maggie
Temple:   regret_index_temple_mists
Lair:1:   layout_long_grid, basic_altar
Lair:2:   layout_layer_cave, nicolae_spider_entry_non_spiders,
          amcnicky_altar_lugonu_corruption, uniq_amaemon
Orc:1:    layout_caves, serial_shops, shop_fountains, guppyfry_orc_lava_fort

Skill      XL: |  1  2  3  4  5  6  7  8  9 10 11 |
---------------+----------------------------------+-----
Short Blades   | 2 3 4 5 6 8 10 | 10.6
Stealth        | 5 6 8 9 10 11 | 11.2
Ice Magic      | 1 2 3 4 5 |  5.0
Hexes          | 5 6 7 8 |  8.0
Dodging        | 3 4 5 6 7 |  7.7
Spellcasting   | 3 |  3.0
Evocations     | 1 2 4 6 7 8 |  8.0
Conjurations   | 2 |  2.5

Action                   |  1- 3 |  4- 6 |  7- 9 | 10-12 || total
-------------------------+-------+-------+-------+-------++-------
Melee: Dagger            |    69 |   132 |   166 |       ||   367
       Bite              |     3 |    20 |    23 |    24 ||    70
       Punch             |       |     1 |     2 |     1 ||     4
       Short sword       |       |       |    75 |       ||    75
       Quick blade       |       |       |       |   177 ||   177
 Cast: Ensorcelled Hiber |     4 |    16 |    21 |    17 ||    58
       Confusing Touch   |       |     3 |     6 |     2 ||    11
       Tukima's Dance    |       |       |    12 |     4 ||    16
Invok: Ancestor Identity |       |       |     1 |       ||     1
       Ancestor Life: He |       |       |     1 |       ||     1
       Recall Ancestor   |       |       |       |     2 ||     2
 Abil: Exsanguinate      |       |       |       |     1 ||     1
       Revivify          |       |       |       |     1 ||     1
       Evoke Invisibilit |       |       |       |     2 ||     2
Evoke: Wand              |       |       |       |     1 ||     1
  Use: Potion            |       |     1 |       |       ||     1
       Scroll            |       |       |       |    18 ||    18
 Stab: Sleeping          |    10 |     8 |    40 |    19 ||    77
       Distracted        |     2 |       |     1 |     2 ||     5
       Invisible         |       |     2 |       |     2 ||     4
       Confused          |       |     2 |     4 |       ||     6
       Paralysed         |       |       |       |     1 ||     1
Armor: Robe              |     6 |    18 |       |       ||    24
       Leather armour    |       |     4 |    36 |    29 ||    69
Dodge: Dodged            |    33 |    92 |   135 |    77 ||   337

Table legend: (Time is in decaauts)
 A = Elapsed time spent in this place.
 B = Non-inter-level travel time spent in this place.
 C = Inter-level travel time spent in this place.
 D = Time resting spent in this place.
 E = Time spent auto-exploring this place.
 F = Levels seen in this place.
 G = Mean time per level.
                   A        B        C        D        E       F      G
               +--------+--------+--------+--------+--------+-----+--------+
         Total |   9936 |   9479 |    457 |    773 |   6474 |  14 |  709.7 |
       Dungeon |   8825 |   8452 |    373 |    753 |   5740 |  10 |  882.5 |
        Temple |     57 |     38 |     19 |      0 |     20 |   1 |   57.0 |
          Lair |   1033 |    969 |     64 |     20 |    714 |   2 |  516.5 |
  Orcish Mines |     20 |     20 |      0 |      0 |      0 |   1 |   20.0 |
               +--------+--------+--------+--------+--------+-----+--------+

Top non-repeatable levels by time:
     D:2: 1512 daAuts
     D:8: 1253 daAuts
     D:9: 1130 daAuts
     D:6: 1096 daAuts
     D:1: 891 daAuts
  Lair:1: 870 daAuts
     D:3: 788 daAuts
     D:5: 712 daAuts
     D:4: 692 daAuts
     D:7: 673 daAuts
  Lair:2: 162 daAuts
    D:10: 75 daAuts
  Temple: 57 daAuts
   Orc:1: 20 daAuts
